 Dungeon Crawl Stone Soup version 0.30-a0-359-gd0147acb1a (webtiles) character file.

Game seed: 9655448814711942189

78 mcwallace the Gusty (level 4, -1/25 HPs)
             Began as a Tengu Air Elementalist on Nov 12, 2022.
             Killed by their own static electricity (2 damage)
             ... on level 3 of the Dungeon.
             The game lasted 00:04:17 (2626 turns).

mcwallace the Gusty (Tengu Air Elementalist)        Turns: 2626, Time: 00:04:18

Health: -1/25      AC:  3    Str:  8    XL:     4   Next: 36%
Magic:  0/8        EV: 13    Int: 17    God:
Gold:   191        SH:  0    Dex: 15    Spells: 2/8 levels left

rFire   . . .      SeeInvis .    u - +2 dagger (venom) {short}
rCold   . . .      Faith    .    (no shield)
rNeg    . . .      Spirit   .    a - +0 robe
rPois   .          Reflect  .    (helmet restricted)
rElec   .          Harm     .    (no cloak)
rCorr   .          Rampage  .    s - +0 pair of gloves
Will    .....                    (boots unavailable)
Stlth   ++........               (no amulet)
HPRegen 0.24/turn                (no ring)
MPRegen 0.11/turn                (no ring)

@: no status effects
A: beak, talons 3
a: no special abilities


You were on level 3 of the Dungeon.
You visited 1 branch of the dungeon, and saw 3 of its levels.

You collected 191 gold pieces.


Innate Abilities, Weirdness & Mutations

You have a beak for a mouth.
You have claws for feet.


   Skills:
 + Level 1.4 Fighting
 + Level 2.9 Dodging
 - Level 2.0 Stealth
 + Level 2.5 Spellcasting
 + Level 2.6 Conjurations
 + Level 4.6 Air Magic


You had 2 spell levels left.
You knew the following spells:

 Your Spells              Type           Power      Damage    Failure   Level
a - Shock                 Conj/Air       56%        1d6       4%          1
b - Static Discharge      Conj/Air       28%        2-4/arc   6%          2
c - Swiftness             Air            18%        N/A       9%          3

Your spell library contained the following spells:

 Spells                   Type           Power      Damage    Failure   Level
 Poisonous Vapours        Pois/Air       20%        N/A       11%         2
 Cigotuvi's Dreadful Rot  Necr/Pois/Air  14%        N/A       14%         2
 Mephitic Cloud           Conj/Pois/Air  10%        N/A       21%         3
 Airstrike                Air            9%         2d(2-18)  26%         4

Inventory:

Hand Weapons
 d - a +0 dagger {short}
   (You took it off a goblin on level 1 of the Dungeon)
 u - a +2 dagger of venom (weapon) {short}
   (You took it off a goblin on level 3 of the Dungeon)
Missiles
 f - 40 stones {throwing}
 g - 2 silver boomerangs {throwing}
 z - 6 poisoned darts {throwing}
Armour
 a - a +0 robe (worn)
 c - a +0 ring mail
   (You found it on level 1 of the Dungeon)
 h - a +0 leather armour
   (You found it on level 1 of the Dungeon)
 k - a +0 robe
   (You found it on level 1 of the Dungeon)
 n - a +0 leather armour
   (You found it on level 1 of the Dungeon)
 s - a +0 pair of gloves (worn)
   (You found it on level 2 of the Dungeon)
 t - a +0 leather armour
   (You found it on level 2 of the Dungeon)
 w - a +0 leather armour
   (You found it on level 3 of the Dungeon)
 x - a +0 chain mail
   (You found it on level 3 of the Dungeon)
Wands
 q - a wand of flame (16)
   (You found it on level 2 of the Dungeon)
Scrolls
 e - a scroll of poison {unknown}
 i - 2 scrolls of identify {unknown}
 l - a scroll of noise {unknown}
 r - 3 scrolls of teleportation {unknown}
 y - a scroll of summoning {unknown}
Potions
 b - a potion of magic
 j - a potion of mutation {unknown}
 m - a potion of curing {unknown}
 o - a potion of might {unknown}
 p - 3 potions of flight {unknown}
 v - a potion of lignification {unknown}

Dungeon Overview and Level Annotations

Branches:
Dungeon (3/15) Zot: 15374

Altars:
Dithmenos

Annotations:
D:3 Natasha

#.#### #..<# #.
#.#.# #.#.# #. #.#.#
#.#.# #. ####.#.#
#.#.# #. ....#w#
#.#.# #. ####..#.#
#.#.# #.
....$.#.########.#.#
#. #..!..........#.#
#.
#...#.@.##########.#
#. #...hc..# #.###.
..#....).# #.....
#....##h##
########### #....
... ...# ###. ##.#
#.####### # #.#
#........ #.#
###.###.##.
#####...# #....


You could see a centaur, a worm and 2 jackals.


Message History

The jackal misses you. The jackal closely misses you.
The jackal bites you but does no damage.
The jackal barely misses you. The jackal attacks as you move away!
The jackal barely misses you.
A centaur comes into view.
Found a stone staircase leading up.
The centaur shouts!
The jackal misses you.
The centaur wields a +0 shortbow.
The centaur shoots an arrow.
The arrow hits you. The jackal closely misses you. 😕 HP[-6]
You take 6 damage, and now have 19/25 hp.
MASSIVE DAMAGE!! (PAUSE)
The jackal attacks as you move away! The jackal barely misses you.
The centaur shoots an arrow.
The arrow closely misses you.
The centaur shoots an arrow.
The arrow closely misses you.
There is a stone staircase leading up here. 😕 HP[+1]
The centaur shoots an arrow.
The arrow barely misses you.
You climb upwards.
There is a stone staircase leading down here. 😕 MP[+1]
Your mp is fully restored (8).
You hit the jackal.
The jackal is poisoned.
You claw the jackal, but do no damage. You peck the jackal.
You kill the jackal! 😕 HP[+1]
You see here a jackal corpse.
There is a stone staircase leading down here.
You start resting. 😎 HP[+4]
Your hp is fully restored (25).
There is a stone staircase leading down here.
You climb downwards.
Level annotation: Natasha
There is a stone staircase leading up here.
The centaur shouts!
The centaur shoots an arrow.
The arrow hits you!
You hear a shout! 😮 HP[-8]
You take 8 damage, and now have 17/25 hp.
MASSIVE DAMAGE!! (PAUSE)
A worm and a kobold come into view.
You hear a bark!
The centaur shoots an arrow.
The arrow barely misses you.
The kobold throws a stone.
The stone barely misses you.
The centaur shoots an arrow.
The arrow closely misses you.
The centaur unwields a +0 shortbow.
The centaur completely misses you. The centaur closely misses you.
The kobold throws a stone.
The stone hits you but does no damage. 😮 HP[+1]
Casting: Shock (safe; 4% risk of failure)
Confirm with . or Enter, or press ? or * to list all spells.
The centaur is struck by an arc of lightning.
The kobold is struck by an arc of lightning.
You kill the kobold!
The lightning grounds out.
The centaur misses you. The centaur closely misses you. The centaur hits you.
The centaur barely misses you. 😮 HP[-3] MP[-2]
You take 3 damage, and now have 15/25 hp.
You lost 2 mp, and now have 6/8 mp.
Unknown command.
Casting: Static Discharge (safe; 6% risk of failure)
Confirm with . or Enter, or press ? or * to list all spells.
The centaur is struck by an arc of lightning.
You are struck by an arc of lightning.
* * * LOW HITPOINT WARNING * * *
The centaur is struck by an arc of lightning.
You are struck by an arc of lightning.
* * * LOW HITPOINT WARNING * * *
The lightning grounds out.
The centaur hits you.
* * * LOW HITPOINT WARNING * * *
The centaur closely misses you.
Unknown command. 😱 HP[-9] MP[-2]
You take 9 damage, and now have 6/25 hp.
MASSIVE DAMAGE!! (PAUSE)
You lost 2 mp, and now have 4/8 mp.
Casting: Static Discharge (safe; 6% risk of failure)
Confirm with . or Enter, or press ? or * to list all spells.
The centaur is struck by an arc of lightning.
You are struck by an arc of lightning.
* * * LOW HITPOINT WARNING * * *
The lightning grounds out.
The jackal barks!
The centaur barely misses you.
The centaur kicks you but does no damage.
The centaur misses you.
The centaur closely misses you. 😱 HP[-3] MP[-2]
You take 3 damage, and now have 3/25 hp.
You lost 2 mp, and now have 2/8 mp.
Unknown command.
Casting: Static Discharge (safe; 6% risk of failure)
Confirm with . or Enter, or press ? or * to list all spells.
The centaur is struck by an arc of lightning.
You are struck by an arc of lightning.
* * * LOW HITPOINT WARNING * * *
The centaur is struck by an arc of lightning.
You are struck by an arc of lightning.
You die...

Skill      XL: |  1  2  3 |
---------------+----------+-----
Conjurations   | 2 |  2.6
Fighting       | 1 |  1.4
Dodging        | |  2.9
Stealth        | |  2.0
Spellcasting   | |  2.5
Air Magic      | |  4.6

Action                   |  1- 3 |  4- 6 || total
-------------------------+-------+-------++-------
Melee: Dagger            |     4 |     2 ||     6
       Kick              |     2 |     2 ||     4
       Peck              |     1 |     1 ||     2
 Cast: Shock             |    80 |    14 ||    94
       Static Discharge  |     1 |     6 ||     7
Armor: Robe              |     3 |     4 ||     7
Dodge: Dodged            |     7 |    24 ||    31

Levels and vault maps discovered:
D:1:      amcnicky_arrival_abandoned_market, layout_basic,
          hangedman_decor_points
D:2:      layout_basic, minmay_tall_x
D:3:      layout_loops_ring, grunt_dithmenos_smoke, general_overflow_altar,
          minmay_statues_item, minmay_misc_feat_alley, minmay_misc_feat_room,
          uniq_natasha

Notes
Turn   | Place    | Note
-------+----------+-------------------------------------------
     0 | D:1      | mcwallace the Tengu Air Elementalist began the quest for
                  | the Orb.
     0 | D:1      | Reached XP level 1. HP: 10/10 MP: 4/4
     0 | D:1      | magus.rc [v1.9.6]
   156 | D:1      | Reached XP level 2. HP: 16/16 MP: 4/6
   553 | D:1      | Reached skill level 2 in Conjurations
   830 | D:1      | Reached XP level 3. HP: 20/20 MP: 5/7
   907 | D:1      | Reached skill level 1 in Fighting
  1018 | D:1      | Learned a level 2 spell: Static Discharge
  1022 | D:1      | Learned a level 3 spell: Swiftness
  1101 | D:1      | You pick up a book of Vapours and begin reading...
  1101 | D:1      | You add the spells Poisonous Vapours, Cigotuvi's Dreadful
                  | Rot and Mephitic Cloud to your library.
  1811 | D:2      | Reached XP level 4. HP: 25/25 MP: 4/8
  2430 | D:3      | Found a shadowy altar of Dithmenos.
  2527 | D:3      | Noticed Natasha
  2543 | D:3      | Noticed a centaur
  2624 | D:3      | HP: 6/25 [centaur (3)]
  2626 | D:3      | HP: 1/25 [/static electricity (2)]
  2626 | D:3      | Killed from afar by themself

Vanquished Creatures
  2 adders (D:2)
  A worm (D:2)
  A dart slug (D:1)
  4 ball pythons (D:1)
  8 bats
  4 endoplasms
  5 giant cockroaches (D:1)
  5 goblins
  5 hobgoblins
  3 jackals
  2 quokkas (D:3)
  2 frilled lizards
  5 kobolds
  3 rats
50 creatures vanquished.

Table legend:
 A = Non-vault XP
 B = Vault XP
 C = Vault XP percentage of total XP
 D = Non-vault monster count
 E = Vault monster count
 F = Vault count percentage of total count
                 A         B        C        D         E       F
            +---------+---------+-------+---------+---------+-------
      Total |     102 |      10 |   8.9 |      46 |       4 |   8.0
            +---------+---------+-------+---------+---------+-------
        D:1 |      48 |       0 |   0.0 |      27 |       0 |   0.0
        D:2 |      44 |      10 |  18.5 |      12 |       4 |  25.0
        D:3 |      10 |       0 |   0.0 |       7 |       0 |   0.0
            +---------+---------+-------+---------+---------+-------

Illustrated notes

Table legend:
 A = Kills in this place as a percentage of kills in entire the game.
 B = Kills by you in this place as a percentage of kills by you in the entire game.
 C = Kills by friends in this place as a percentage of kills by friends in the entire game.
 D = Other kills in this place as a percentage of other kills in the entire game.
 E = Experience gained in this place as a percentage of experience gained in the entire game.
 F = Experience gained in this place divided by the number of levels of this place that you have seen.
                   A       B       C       D       E      F
               +-------+-------+-------+-------+-------+----------------------
         Total | 100.0 | 100.0 |   N/A |   N/A | 100.0 |  37.3
       Dungeon | 100.0 | 100.0 |   N/A |   N/A | 100.0 |  37.3
               +-------+-------+-------+-------+-------+----------------------

Table legend: (Time is in decaauts)
 A = Elapsed time spent in this place.
 B = Non-inter-level travel time spent in this place.
 C = Inter-level travel time spent in this place.
 D = Time resting spent in this place.
 E = Time spent auto-exploring this place.
 F = Levels seen in this place.
 G = Mean time per level.
                   A        B        C        D        E       F      G
               +--------+--------+--------+--------+--------+-----+--------+
         Total |   2625 |   2547 |     78 |     15 |   2273 |   3 |  875.0 |
       Dungeon |   2625 |   2547 |     78 |     15 |   2273 |   3 |  875.0 |
               +--------+--------+--------+--------+--------+-----+--------+

Top non-repeatable levels by time:
     D:1: 1182 daAuts
     D:2: 1108 daAuts
     D:3: 334 daAuts
